 Dungeon Crawl Stone Soup version 0.17-a0-1921-g56e792d (webtiles) character file.

72 Eldritch the Sneak (level 4, -5/31 HPs)
             Began as a Vampire Enchanter on Sept 28, 2015.
             Was an Initiate of Kikubaaqudgha.
             Killed from afar by Sigmund (6 damage)
             ... with a magic dart
             ... on level 2 of the Dungeon.
             The game lasted 00:07:23 (2793 turns).

Eldritch the Sneak (Vampire Enchanter)              Turns: 2793, Time: 00:07:23

Health: -5/31      AC:  3    Str:  7    XL:     4   Next: 7%
Magic:  2/7        EV: 13    Int: 17    God:    Kikubaaqudgha [......]
Gold:   74         SH:  0    Dex: 15    Spells: 3 memorised, 2 levels left

rFire  . . .     SeeInvis +     a - +1 dagger
rCold  + + .     Clarity  .     b - +1 robe
rNeg   + + +     SustAt   .     (no shield)
rPois  ∞         Gourm    .     (no helmet)
rElec  .         Spirit   .     (no cloak)
rCorr  .         Warding  .     (no gloves)
rMut   .         Stasis   .     (no boots)
MR     .....                    (no amulet)
Stlth  ++........               (no ring)
                                (no ring)

@: confused, bloodless, non-regenerating, not resistant to hostile enchantments,
unstealthy
A: fangs 3, see invisible, unbreathing
a: Bat Form, Renounce Religion


You were on level 2 of the Dungeon.
You worshipped Kikubaaqudgha.
Kikubaaqudgha was noncommittal.
You were bloodless.

You visited 1 branch of the dungeon, and saw 2 of its levels.

You collected 74 gold pieces.

Inventory:

Hand weapons
 a - a +1 dagger (weapon)
Armour
 b - a +1 robe (worn)
Scrolls
 e - a scroll of amnesia {unknown}
 g - 2 scrolls of remove curse {unknown}
 h - a scroll of blinking {unknown}
 k - a scroll of identify {unknown}
Potions
 d - 8 potions of blood
 f - a potion of curing {unknown}
 i - a potion of haste {unknown}
 j - a potion of flight {unknown}
 l - 2 potions of might {unknown}
 m - a potion of ambrosia {unknown}
Books
 c - a book of Maledictions

   Spells                             Type                      Level
   a - Corona                         Hexes                        1
   b - Ensorcelled Hibernation        Hexes/Ice                    2
   c - Confuse                        Hexes                        3
   d - Tukima's Dance                 Hexes                        3
   e - Dazzling Spray                 Conjuration/Hexes            3


   Skills:
 + Level 0.5 Fighting
 + Level 1.2 Short Blades
 + Level 2.7 Dodging
 + Level 5.4 Stealth
 + Level 2.5 Spellcasting
 + Level 5.1 Hexes
 + Level 0.4 Ice Magic


You had 2 spell levels left.
You knew the following spells:

 Your Spells              Type           Power        Failure   Level  Hunger
a - Corona                Hex            ###....      2%          1    #......
b - Ensorcelled Hibernat  Hex/Ice        ##....       12%         2    ##.....
c - Tukima's Dance        Hex            ###.....     10%         3    ###....


Dungeon Overview and Level Annotations

Branches:
Dungeon (2/15)

Altars:
Kikubaaqudgha

Annotations:
D:2 Sigmund


Innate Abilities, Weirdness & Mutations

You do not heal naturally.
You are immune to poison.
You have razor-sharp teeth.
You have supernaturally acute eyesight.
You can survive without breathing.


Message History

Sigmund casts a spell.
Sigmund flickers and vanishes for a moment.
The giant gecko closely misses your scythe of slicing.
Sigmund gestures at you while chanting.
You are more confused.
You bump into the rock wall.
The giant gecko bites your scythe of slicing but does no damage.
Your scythe of slicing hits Sigmund from afar!
Sigmund casts a spell at you. The puff of flame hits you!
* * * LOW HITPOINT WARNING * * *
Sigmund points at you and mumbles some strange words.
The puff of flame hits you!
* * * LOW HITPOINT WARNING * * *
You're too confused!
You bump into the rock wall.
Sigmund points at you and mumbles some strange words.
The magic dart hits you!
You die...
Kikubaaqudgha rasps: "You have failed me!
Welcome... oblivion!"

.# #........#.#
#.... ##
#####.##.#.#
..... #.##.#.#
......
##.##.#.#
#.......#
#######.#####.#
#.............#
#.######.######
#.# #@# #.# #@#
#.#
#.##########.
#.#
#....(l......
#[#
#############
#.# #.#
#########.#
..........#


You could see Sigmund (invisible).

Vanquished Creatures
  A gnoll (D:1)
  2 adders (D:2)
  An ooze (D:2)
  2 worms (D:2)
  3 giant geckos
  A ball python (D:1)
  A giant cockroach (D:2)
  4 hobgoblins
  4 jackals (D:1)
  2 bats
  3 giant newts
  2 goblins (D:1)
  3 kobolds
  A quokka (D:2)
  9 rats
39 creatures vanquished.

Notes
Turn   | Place    | Note
--------------------------------------------------------------
     0 | D:1      | Eldritch the Vampire Enchanter began the quest for the Orb.
     0 | D:1      | Reached XP level 1. HP: 13/13 MP: 3/3
   524 | D:1      | Reached XP level 2. HP: 19/19 MP: 5/5
   528 | D:1      | Learned a level 2 spell: Ensorcelled Hibernation
  1226 | D:1      | Reached XP level 3. HP: 20/25 MP: 0/6
  1467 | D:1      | Learned a level 3 spell: Tukima's Dance
  1609 | D:2      | Reached skill level 5 in Stealth
  1619 | D:2      | Found an ancient bone altar of Kikubaaqudgha.
  1634 | D:2      | Became a worshipper of Kikubaaqudgha
  1652 | D:2      | Reached skill level 5 in Hexes
  2033 | D:2      | Reached XP level 4. HP: 14/31 MP: 7/7
  2765 | D:2      | Noticed Sigmund
  2791 | D:2      | HP: 1/31 [Sigmund/puff of flame (6)]
  2793 | D:2      | Killed from afar by Sigmund

Vault maps used:
D:1:      minmay_arrival_checkered_box
D:2:      lemuel_coloured_pillars_altar, lemuel_doored_altar,
          nicolae_underground_beach, uniq_sigmund

Action                   |  1- 3 |  4- 6 || total
-------------------------+-------+-------++-------
Melee: Dagger            |   100 |    10 ||   110
 Cast: Corona            |     6 |       ||     6
       Ensorcelled Hiber |    14 |       ||    14
       Tukima's Dance    |       |     2 ||     2
 Stab: Sleeping          |    19 |     1 ||    20
